 Dungeon Crawl Stone Soup version 0.25-a0-424-g80bd347ae0 (webtiles) character file.

Game seed: 16675057961820890506, levelgen mode: deterministic

504 DerDa the Skirmisher (level 7, -1/39 HPs)
             Began as a Vine Stalker Fighter on Jan 22, 2020.
             Killed by divine providence
             ... invoked by an orc priest
              (6 damage)
             ... on level 4 of the Dungeon.
             The game lasted 00:07:02 (2842 turns).

DerDa the Skirmisher (Vine Stalker Fighter)         Turns: 2842, Time: 00:07:02

Health: -1/39      AC:  7    Str: 18    XL:     7   Next: 17%
Magic:  0/8        EV:  9    Int:  8    God:
Gold:   172        SH: 10    Dex: 16    Spells: 6/6 levels left

rFire    . . .     SeeInvis .   a - +0 long sword
rCold    . . .     Gourm    .   c - +0 shield
rNeg     . . .     Faith    .   b - +0 scale mail
rPois    .         Spirit   +   (no helmet)
rElec    .         Reflect  .   (no cloak)
rCorr    +         Harm     .   z - +0 pair of gloves
MR       .....                  (no boots)
Stlth    ..........             w - amulet of magic regeneration
HPRegen  0.53/turn              n - ring of resist corrosion
MPRegen  0.36/turn              (no ring)

@: no status effects
A: fangs 2, regeneration 1, magic shield, antimagic bite, no potion heal 3, rot
immunity
a: no special abilities


You were on level 4 of the Dungeon.
You were not hungry.

You visited 1 branch of the dungeon, and saw 4 of its levels.

You collected 172 gold pieces.

Inventory:

Hand Weapons
 a - a +0 long sword (weapon)
Missiles
 t - 2 silver javelins
 x - 29 poisoned darts (quivered)
Armour
 b - a +0 scale mail (worn)
 c - a +0 shield (worn)
 z - a +0 pair of gloves (worn)
Jewellery
 l - an uncursed ring of ice
 n - a ring of resist corrosion (left hand)
 w - an amulet of magic regeneration (around neck)
 B - an uncursed ring of protection from magic {unknown}
 D - an uncursed ring of wizardry {unknown}
Scrolls
 e - 8 scrolls of identify {unknown}
 j - a scroll of noise {unknown}
 o - 4 scrolls of teleportation {unknown}
 p - 2 scrolls of amnesia {unknown}
 q - a scroll of magic mapping {unknown}
 r - 2 scrolls of enchant weapon {unknown}
 s - a scroll of fog {unknown}
 u - a scroll of remove curse {unknown}
 v - a scroll of enchant armour {unknown}
 y - a scroll of fear {unknown}
Potions
 d - a potion of might
 g - 2 potions of degeneration {unknown}
 h - 2 potions of resistance {unknown}
 i - a potion of ambrosia {unknown}
 k - a potion of agility {unknown}
 A - a potion of curing {unknown}
 C - a potion of flight {unknown}
Comestibles
 f - 10 rations


   Skills:
 * Level 5.5 Fighting
 - Level 1.7 Long Blades
 - Level 2.4 Armour
 + Level 2.7 Dodging
 + Level 4.2 Shields


You had 6 spell levels left.
You didn't know any spells.
Your spell library was empty.

Dungeon Overview and Level Annotations

Branches:
Dungeon (4/15)
 Temple: D:4-7

Altars:
Elyvilon
Fedhas
Vehumet


Innate Abilities, Weirdness & Mutations

You have extremely sharp teeth.
Your natural rate of healing is unusually fast.
When hurt, damage is shared between your health and your magic reserves.
Your bite disrupts and absorbs the magic of your enemies.
Potions cannot restore your health.
You are immune to rotting.


Message History

The orc priest closely misses you.
The orc hits you with a +0 war axe of flaming.
The orc burns you. The orc barely misses you. You block the orc's attack.
You slash the orc!
You kill the orc!
The orc priest calls down the wrath of Beogh upon you.
Beogh smites you!
* * * LOW HITPOINT WARNING * * *
The orc barely misses you. You block the orc's attack.
Unknown command.
You slash the orc priest! Your bite misses the orc priest.
The orc priest is heavily wounded.
The orc priest hits you with a +2 falchion of protection.
* * * LOW HITPOINT WARNING * * *
The orc hits you but does no damage. The orc barely misses you.
The orc priest casts a cantrip, but nothing happens.
The orc barely misses you.
The orc priest mumbles some strange prayers to Beogh against you.
Beogh smites you!
You die...

##.### #.# #...... #....#
#.# #...... #.)..# #)#
#...... #....# #)# #......
#....# #.# #####.# #....#
#.## #.# ######.)..#
####..#### #.#
........o%####........###.#
.......).o@................
.........o####........###.#
..........# #........# #.#
########### #........# #.#
#........# #.#
#........###.#
#.........##.#
#.........##.#
#..........#..


You could see an orc priest and 2 orcs.

Vanquished Creatures
  An ogre (D:4)
  A hound (D:4)
  4 orc priests
  An orc wizard (D:4)
  8 adders
  4 gnolls (D:3)
  A howler monkey skeleton (D:4)
  An ooze (D:1)
  3 adder skeletons (D:4)
  A worm (D:4)
  2 dart slugs
  5 leopard geckos
  11 orcs
  5 bats
  2 giant cockroaches
  6 goblins (D:2)
  8 hobgoblins
  11 jackals
  6 kobolds
  2 quokkas (D:4)
  A ball python (D:1)
  2 frilled lizards
  10 rats
96 creatures vanquished.

Vanquished Creatures (others)
  A rat (D:2)
1 creature vanquished.

Grand Total: 97 creatures vanquished

Notes
Turn   | Place    | Note
-------+----------+-------------------------------------------
     0 | D:1      | DerDa the Vine Stalker Fighter began the quest for the Orb.
     0 | D:1      | Reached XP level 1. HP: 11/11 MP: 2/2
    62 | D:1      | Reached XP level 2. HP: 10/16 MP: 1/3
    93 | D:1      | Reached skill level 3 in Fighting
   528 | D:2      | Reached XP level 3. HP: 17/20 MP: 4/4
   713 | D:2      | Reached skill level 1 in Dodging
   826 | D:2      | Gained mutation: Your natural rate of healing is unusually
                  | fast. [Vine Stalker growth]
   826 | D:2      | Reached XP level 4. HP: 21/25 MP: 3/5
   866 | D:2      | Found a radiant altar of Vehumet.
  1547 | D:3      | Found a blossoming altar of Fedhas.
  1584 | D:3      | Reached skill level 4 in Fighting
  1723 | D:3      | Reached XP level 5. HP: 29/29 MP: 6/6
  1765 | D:3      | Found a faded altar of an unknown god.
  1963 | D:3      | Found a white marble altar of Elyvilon.
  2152 | D:4      | Reached XP level 6. HP: 34/34 MP: 7/7
  2321 | D:4      | Reached skill level 5 in Fighting
  2364 | D:4      | HP: 1/35 [ogre/+0 giant club (20)]
  2433 | D:4      | Reached XP level 7. HP: 25/39 MP: 5/8
  2842 | D:4      | Killed from afar by an orc priest

Levels and vault maps discovered:
D:1:      tarquinn_simple_flora_water_d, layout_rooms, minmay_tromino_v4_c
D:2:      layout_basic, fiery_altar_vehumet
D:3:      layout_rooms, lemuel_crystal_altar, fedhas_altar_4,
          chequers_ecumenical_altar_simple_redux, first_ration
D:4:      layout_basic, grunt_ministairs_1

Skill      XL: |  1  2  3  4  5  6 |
---------------+-------------------+-----
Fighting       | 3 4 5 |  5.5
Shields        | 3 4 |  4.2
Dodging        | 1 2 |  2.7
Long Blades    | |  1.7
Armour         | |  2.4

Action                   |  1- 3 |  4- 6 |  7- 9 || total
-------------------------+-------+-------+-------++-------
Melee: Long sword        |    81 |   177 |    42 ||   300
       Bite              |    29 |    52 |    17 ||    98
Throw: Dart              |       |     1 |     1 ||     2
  Eat: Chunk             |       |     5 |     2 ||     7
Armor: Scale mail        |    32 |    79 |    23 ||   134
Dodge: Dodged            |    26 |    70 |    28 ||   124
Block: Shield            |    43 |   116 |    30 ||   189
       Rpst.: Long sword |     8 |    27 |     5 ||    40

Table legend:
 A = Non-vault XP
 B = Vault XP
 C = Vault XP percentage of total XP
 D = Non-vault monster count
 E = Vault monster count
 F = Vault count percentage of total count
                 A         B        C        D         E       F
            +---------+---------+-------+---------+---------+-------
      Total |     716 |       5 |   0.7 |      94 |       2 |   2.1
            +---------+---------+-------+---------+---------+-------
        D:1 |      31 |       2 |   6.1 |      17 |       1 |   5.6
        D:2 |     106 |       0 |   0.0 |      25 |       0 |   0.0
        D:3 |     174 |       0 |   0.0 |      26 |       0 |   0.0
        D:4 |     405 |       3 |   0.7 |      26 |       1 |   3.7
            +---------+---------+-------+---------+---------+-------
